 Dungeon Crawl Stone Soup version 0.30-a0-56-ge6a4009bfd (webtiles) character file.

Game seed: 5497517840527712893

13 ytrimaz the Insei (level 2, 16/18 HPs)
             Began as an Octopode Transmuter on Sept 10, 2022.
             Was a Follower of Cheibriados.
             Quit the game on level 1 of the Dungeon.
             The game lasted 00:00:56 (906 turns).

ytrimaz the Insei (Octopode Transmuter)              Turns: 906, Time: 00:00:56

Health: 16/18      AC:  1    Str: 11    XL:     2   Next: 37%
Magic:  5/5        EV: 13    Int: 17    God:    Cheibriados [*.....]
Gold:   42         SH:  0    Dex: 14    Spells: 4/5 levels left

rFire   . . .      SeeInvis .      - Unarmed
rCold   . . .      Faith    .    (no shield)
rNeg    . . .      Spirit   .    (helmet restricted)
rPois   .          Reflect  .    (no amulet)
rElec   .          Harm     .    (no ring)
rCorr   .          Rampage  .    (no ring)
Will    .....                    (no ring)
Stlth   +++.......               (no ring)
HPRegen 0.06/turn                (no ring)
MPRegen 0.09/turn                (no ring)
                                 (no ring)
                                 (no ring)

@: very slow
A: almost no armour, amphibious, 8 rings, camouflage 1, gelatinous body 1,
(nimble swimmer 1), tentacles
a: Renounce Religion, Bend Time


You were on level 1 of the Dungeon.
You worshipped Cheibriados.
Cheibriados was aware of your devotion.
You visited 1 branch of the dungeon, and saw 1 of its levels.

You collected 42 gold pieces.


Innate Abilities, Weirdness & Mutations

You cannot wear most types of armour.
You are amphibious.
You can wear up to eight rings at the same time.
Your skin changes colour to match your surroundings (Stealth+).
Your rubbery body absorbs attacks. (AC +1, EV +1)
((You are camouflaged when in or above water. (Stealth+)))
You have tentacles for arms and can constrict up to eight enemies at once.


   Skills:
 - Level 1.0 Fighting
 - Level 2.0 Dodging
 + Level 3.0 Stealth
 - Level 3.0 Unarmed Combat
 - Level 2.0 Spellcasting
 - Level 2.0 Transmutations


You had 4 spell levels left.
You knew the following spells:

 Your Spells              Type           Power      Damage    Failure   Level
a - Beastly Appendage     Tmut           16%        N/A       9%          1

Your spell library contained the following spells:

 Spells                   Type           Power      Damage    Failure   Level
 Wereblood                Tmut           8%         N/A       13%         2
 Spider Form              Tmut/Pois      5%         N/A       36%         3
 Ice Form                 Ice/Tmut       5%         N/A       77%         4

Inventory:

Scrolls
 b - a scroll of teleportation
 d - a scroll of noise {unknown}
Potions
 a - a potion of lignification
 c - 2 potions of curing {unknown}

Dungeon Overview and Level Annotations

Branches:
Dungeon (1/15) Zot: 7644

Altars:
Cheibriados

#.#...##...#.#...#.....
#.#........#.#...#.....
..#.###.#..###...#.#...#.....
...)......###....#.#...#.....
.#.......#...#.#.#.#...##....
#..#####..8.⌠#.........+....
.>.. #.8..###...#....#....
#.#.### #...#∩#⌠#..##..[#....
.....# #.#⌠#@#...#..†...#....
###.#...#
######..8.#.###..#....
...#...# #⌠.8..#.# #..#....
###.#...########...#..#
#..#####
................###..##
#....... #......).#####.....#
#.###### .###......[.#
#.....# #....[..
............# #.....#
######.# .....#'######
####### #.#


There were no monsters in sight!


Message History

😎 HP[+4] MP[+1]
Your hp is fully restored (18).
Your mp is fully restored (5).
A goblin is nearby!
As you read the scroll labelled KUINIFF YBOLEOBI, it crumbles to dust.
You feel strangely unstable.
It was a scroll of teleportation.
There is an open door here.
You tentacle-slap the goblin but do no damage.
Your grab misses the goblin. Your squeeze misses the goblin.
The goblin barely misses you.
You tentacle-slap the goblin. Your grab misses the goblin.
You tentacle-slap the goblin, but do no damage.
The goblin closely misses you.
You miss the goblin. Your grab misses the goblin.
Your surroundings suddenly seem different.
No target in view!
Unknown command.
You see here a rat skeleton.
You see here a +0 quarterstaff.
There is an open door here.
A goblin is nearby!
A goblin is nearby!
Unknown command.
A goblin is nearby!
The goblin shouts!
Found a stone staircase leading down.
The goblin hits you with a +0 club. 😕 HP[-4]
You take 4 damage, and now have 14/18 hp.
MASSIVE DAMAGE!! (PAUSE)
You tentacle-slap the goblin.
You kill the goblin!
You see here a +0 club.
Unknown command.
Unknown command.
Key pressed, stopping explore.
Unknown command. 😎 HP[+4]
Your hp is fully restored (18).
d - a scroll labelled LUIDOASSEN
Found a faded altar of an unknown god.
An endoplasm comes into view.
No reachable target in view!
No reachable target in view!
An endoplasm is nearby!
No reachable target in view!
An endoplasm is nearby!
No reachable target in view!
An endoplasm is nearby!
No reachable target in view!
An endoplasm is nearby!
Unknown command.
Unknown command.
An endoplasm is nearby!
Unknown command.
Unknown command.
No reachable target in view!
No reachable target in view!
Unknown command.
There is a faded altar of an unknown god here.
The helpless endoplasm fails to defend itself.
You tentacle-slap the endoplasm. The endoplasm barely misses you.
You barely miss the endoplasm. The endoplasm freezes you.
You are frozen. 😕 HP[-1]
You take 1 damage, and now have 17/18 hp.
A frilled lizard comes into view.
The endoplasm completely misses you.
You tentacle-slap the endoplasm. x2
You kill the endoplasm!
Unknown command.
The frilled lizard hisses angrily.
A frilled lizard is nearby!
Unknown command.
A frilled lizard is nearby!
A frilled lizard is nearby!
The frilled lizard bites you. 😕 HP[-2]
You take 2 damage, and now have 15/18 hp.
You tentacle-slap the frilled lizard. Your grab misses the frilled lizard.
Your squeeze misses the frilled lizard.
The frilled lizard bites you but does no damage.
You tentacle-slap the frilled lizard.
You kill the frilled lizard!
Your Stealth skill increases to level 3!
You see here a frilled lizard corpse.
No target in view!
You see here a frilled lizard corpse. 😕 HP[+1]
There is an empty arch of ancient stone here.
There is a faded altar of an unknown god here.
You cannot tell which god this altar belongs to.
Convert to them anyway?
Cheibriados accepts your prayer! Cheibriados welcomes you!
Cheibriados begins to support your attributes as your movement slows.
Cheibriados is now slowing the effects of poison on you.
You can now bend time to slow others.
Cheibriados raises the support of your attributes as your movement slows.
Are you sure you want to abandon this character and quit the game? (Confirm with "yes".)

Skill      XL: |  1  2 |
---------------+-------+-----
Stealth        | 2 3 |  3.0
Fighting       | |  1.0
Dodging        | |  2.0
Unarmed Combat | |  3.0
Spellcasting   | |  2.0
Transmutations | |  2.0

Action                   || total
-------------------------++-------
Melee: Unarmed           ||    35
       Constrict         ||     6
       Tentacles         ||     6
       Kick              ||     3
       Punch             ||     2
 Cast: Beastly Appendage ||     2
  Use: Scroll            ||     2
 Stab: Sleeping          ||     2
Armor: Skin              ||     5
Dodge: Dodged            ||    24

Levels and vault maps discovered:
D:1:      minmay_arrival_split_and_join, layout_basic,
          shapermc_ecumenical_altar_venn

Notes
Turn   | Place    | Note
-------+----------+-------------------------------------------
     0 | D:1      | ytrimaz the Octopode Transmuter began the quest for the
                  | Orb.
     0 | D:1      | Reached XP level 1. HP: 13/13 MP: 3/3
     0 | D:1      | magus.rc [v1.9.6]
   107 | D:1      | Reached skill level 1 in Stealth
   457 | D:1      | Reached skill level 2 in Stealth
   597 | D:1      | Reached XP level 2. HP: 15/18 MP: 5/5
   873 | D:1      | Found a faded altar of an unknown god.
   891 | D:1      | Reached skill level 3 in Stealth
   905 | D:1      | Prayed at the altar of an unknown god.
   905 | D:1      | Became a worshipper of Cheibriados the Contemplative
   905 | D:1      | Reached * piety under Cheibriados
   906 | D:1      | Quit the game

Vanquished Creatures
  An endoplasm (D:1)
  A giant cockroach (D:1)
  2 goblins (D:1)
  A hobgoblin (D:1)
  A quokka (D:1)
  2 bats (D:1)
  2 frilled lizards (D:1)
  A kobold (D:1)
  2 rats (D:1)
13 creatures vanquished.

Table legend:
 A = Non-vault XP
 B = Vault XP
 C = Vault XP percentage of total XP
 D = Non-vault monster count
 E = Vault monster count
 F = Vault count percentage of total count
                 A         B        C        D         E       F
            +---------+---------+-------+---------+---------+-------
      Total |      19 |       0 |   0.0 |      13 |       0 |   0.0
            +---------+---------+-------+---------+---------+-------
        D:1 |      19 |       0 |   0.0 |      13 |       0 |   0.0
            +---------+---------+-------+---------+---------+-------

Illustrated notes

Table legend:
 A = Kills in this place as a percentage of kills in entire the game.
 B = Kills by you in this place as a percentage of kills by you in the entire game.
 C = Kills by friends in this place as a percentage of kills by friends in the entire game.
 D = Other kills in this place as a percentage of other kills in the entire game.
 E = Experience gained in this place as a percentage of experience gained in the entire game.
 F = Experience gained in this place divided by the number of levels of this place that you have seen.
                   A       B       C       D       E      F
               +-------+-------+-------+-------+-------+----------------------
         Total | 100.0 | 100.0 |   N/A |   N/A | 100.0 |  19.0
       Dungeon | 100.0 | 100.0 |   N/A |   N/A | 100.0 |  19.0
               +-------+-------+-------+-------+-------+----------------------

Table legend: (Time is in decaauts)
 A = Elapsed time spent in this place.
 B = Non-inter-level travel time spent in this place.
 C = Inter-level travel time spent in this place.
 D = Time resting spent in this place.
 E = Time spent auto-exploring this place.
 F = Levels seen in this place.
 G = Mean time per level.
                   A        B        C        D        E       F      G
               +--------+--------+--------+--------+--------+-----+--------+
         Total |    904 |    904 |      0 |      0 |    761 |   1 |  904.0 |
       Dungeon |    904 |    904 |      0 |      0 |    761 |   1 |  904.0 |
               +--------+--------+--------+--------+--------+-----+--------+

Top non-repeatable levels by time:
     D:1: 904 daAuts
